 Dungeon Crawl Stone Soup version 0.23-a0-207-g93a313e (webtiles) character file.

2853 MisterFreud the Arsonist (level 9, -4/68 HPs)
             Began as a Naga Fire Elementalist on Sept 24, 2018.
             Was a Follower of Cheibriados.
             Slain by a death yak (25 damage)
             ... on level 8 of the Dungeon.
             The game lasted 00:28:03 (8338 turns).

MisterFreud the Arsonist (Naga Fire Elementalist)   Turns: 8338, Time: 00:28:05

Health: -4/68      AC:  6    Str: 13    XL:     9   Next: 75%
Magic:  7/12       EV: 10    Int: 20    God:    Cheibriados [*.....]
Gold:   198        SH:  5    Dex: 14    Spells: 4/12 levels left

rFire    + + +     SeeInvis +   A - +4 war axe of Acaonumm {elec, rF++}
rCold    x x .     Gourm    .   p - +1 buckler
rNeg     . . .     Faith    .   l - +1 robe {MR+}
rPois    +         Spirit   .   (no helmet)
rElec    .         Reflect  .   h - +0 cloak
rCorr    .         Harm     .   (no gloves)
MR       ++...                  (no barding)
Stlth    +++.......             E - amulet of the acrobat
HPRegen  0.21/turn              v - ring of fire
MPRegen  0.13/turn              x - ring of fire

@: very slightly contaminated, invisible (expiring), very slow
A: large, see invisible, deformed body, poison resistance, slowness 2, slow
metabolism 1, spit poison 1, AC +3
a: Spit Poison, Bend Time, Renounce Religion


You were on level 8 of the Dungeon.
You worshipped Cheibriados.
Cheibriados was aware of your devotion.
You were not hungry.

You visited 2 branches of the dungeon, and saw 9 of its levels.

You collected 464 gold pieces.
You spent 266 gold pieces at shops.

Inventory:

Hand Weapons
 e - a +0 short sword
 A - the +4 war axe of Acaonumm (weapon) {elec, rF++}
   (You bought it in a shop on level 4 of the Dungeon)

   Occasionally, upon striking a foe, it will discharge some electrical energy
   and cause terrible harm.
   It greatly protects you from fire.
Missiles
 g - 162 stones (quivered)
Armour
 h - a +0 cloak (worn)
 l - a +1 robe of magic resistance (worn)
 p - a +1 buckler (worn)
Jewellery
 b - an uncursed amulet of magic regeneration
 d - an uncursed ring of protection from cold
 s - an uncursed ring of magical power
 v - a ring of fire (left hand)
 x - a ring of fire (right hand)
 E - an amulet of the acrobat (around neck)
Wands
 n - a wand of random effects (33)
 y - a wand of iceblast (17)
Scrolls
 i - 4 scrolls of remove curse
 q - a scroll of amnesia
 r - 2 scrolls of teleportation
 t - a scroll of fog {unknown}
 u - a scroll of enchant armour
 C - a scroll of fear
Potions
 f - 2 potions of brilliance
 j - a potion of agility
 k - a potion of lignification
 m - 3 potions of curing
 o - a potion of berserk rage
 B - a potion of might
 D - a potion of invisibility
Comestibles
 c - 12 rations


   Skills:
 + Level 4.1 Axes
 - Level 1.5 Dodging
 - Level 6.0 Stealth
 - Level 2.4 Shields
 - Level 2.0 Spellcasting
 - Level 8.4 Conjurations
 - Level 8.4 Fire Magic


You had 4 spell levels left.
You knew the following spells:

 Your Spells              Type           Power        Failure   Level  Hunger
a - Flame Tongue          Conj/Fire      #####        1%          1    #......
b - Conjure Flame         Conj/Fire      ######..     1%          3    ###....
c - Sticky Flame          Conj/Fire      ######..     4%          4    #####..

Your spell library contained the following spells:

 Spells                   Type           Power        Failure   Level  Hunger
 Throw Flame              Conj/Fire      ######       1%          2    ##.....
 Inner Flame              Hex/Fire       #####...     9%          3    ###....
 Animate Skeleton         Necr           N/A          16%         1    #......
 Apportation              Tloc           #.....       16%         1    #......
 Confusing Touch          Hex            #.....       16%         1    #......
 Summon Small Mammal      Summ           #...         16%         1    #......
 Fireball                 Conj/Fire      ######....   14%         5    ######.


Dungeon Overview and Level Annotations

Branches:
Dungeon (8/15)             Temple (1/1) D:5            Lair (0/6) D:8

Altars:
Ashenzari
Cheibriados
Dithmenos
Elyvilon
Makhleb
Okawaru
Sif Muna
Vehumet
Zin
The Shining One

Shops:
D:4 (   D:5 *

Annotations:
D:3 Grinder
D:7 Harold


Innate Abilities, Weirdness & Mutations

You cannot wear boots.
Your serpentine skin is tough. (AC +3)
You have supernaturally acute eyesight. (SInv)
Armour fits poorly on your strangely shaped body.
Your system is resistant to poisons. (rPois)
You cover ground very slowly.
You have a slow metabolism.
You can spit poison.


Message History

You barely miss the hell rat. The hell rat barely misses you.
You barely miss the hell rat. The hell rat bites you.
You hit the death yak.
The death yak is lightly wounded.
The death yak gores you but does no damage.
You slash the death yak!
The death yak is lightly wounded.
You flicker for a moment.
The death yak bellows!
You slash the death yak!
The death yak is moderately wounded.
The death yak gores you but does no damage.
You barely miss the death yak.
The death yak is moderately wounded.
You feel less wooden.
Your +0 cloak unmelds from your body.
Your +1 robe of magic resistance unmelds from your body.
You feel resistant to hostile enchantments.
The death yak gores you!!
You die...

# ....=. .. #
.>....####.####
..............#
.......!......# ##
........(.....#
.###
..............#
.... .
.............?#
####
....#####Y.......#
#....@Yr.......#
#########..#####
##.## #..# ##.##
##########..#
####>..........##
##...............#
#
#................##


You could see 2 death yaks and a hell rat (wandering).

Vanquished Creatures
  A death yak (D:8)
  An orc warrior (D:6)
  2 black bears
  A porcupine (D:8)
  2 sky beasts
  An ogre (D:4)
  2 phantoms
  A centaur (D:6)
  Blork the orc (D:5)
  2 bullfrogs (D:6)
  A scorpion (D:4)
  5 killer bees (D:7)
  3 crimson imps
  4 bullfrog zombies
  A centaur zombie (D:6)
  2 hounds (D:7)
  2 bullfrog skeletons
  An orc priest (D:6)
  2 iguanas
  An orc wizard (D:6)
  Ijyb (D:5)
  A hell rat (D:8)
  4 worker ants
  A howler monkey zombie (D:6)
  5 adders
  A howler monkey skeleton (D:4)
  3 shadow imps
  2 oozes
  An adder zombie (D:8)
  An adder skeleton (D:6)
  A worm (D:2)
  2 dart slugs
  4 leopard geckos
  13 orcs
  2 ball pythons
  11 bats
  3 giant cockroaches
  11 goblins
  9 hobgoblins
  25 jackals
  5 kobolds
  7 quokkas
  2 frilled lizards
  2 jackal skeletons
  A leopard gecko skeleton (D:5)
  14 rats
168 creatures vanquished.

Vanquished Creatures (others)
  A jackal (D:7)
  A plant (D:4)
2 creatures vanquished.

Grand Total: 170 creatures vanquished

Notes
Turn   | Place    | Note
-------+----------+-------------------------------------------
     0 | D:1      | MisterFreud the Naga Fire Elementalist began the quest for
                  | the Orb.
     0 | D:1      | Reached XP level 1. HP: 15/15 MP: 3/3
    94 | D:1      | Reached XP level 2. HP: 13/22 MP: 3/5
   533 | D:1      | Reached XP level 3. HP: 14/28 MP: 0/6
  1269 | D:2      | Reached XP level 4. HP: 26/36 MP: 7/7
  1343 | D:2      | You fall through a shaft for 2 floors!
  1345 | D:4      | Found Looptoj's Antique Weapon Shoppe.
  1350 | D:4      | Reached skill level 5 in Stealth
  1683 | D:2      | Reached skill level 1 in Shields
  1683 | D:2      | Reached XP level 5. HP: 16/42 MP: 0/8
  1766 | D:2      | Learned a level 3 spell: Conjure Flame
  1771 | D:2      | Learned a level 4 spell: Sticky Flame
  2450 | D:3      | Noticed Grinder
  3114 | D:4      | Noticed an ogre
  3741 | D:4      | Noticed a phantom
  3753 | D:4      | Killed a phantom
  3753 | D:4      | Reached XP level 6. HP: 38/49 MP: 4/9
  4181 | D:5      | Entered Level 5 of the Dungeon
  4235 | D:5      | Noticed Ijyb
  4276 | D:5      | Killed Ijyb
  4276 | D:5      | Reached XP level 7. HP: 46/55 MP: 7/10
  4336 | D:5      | Noticed Blork the orc
  4344 | D:5      | Killed Blork the orc
  5019 | D:6      | Reached skill level 5 in Conjurations
  5019 | D:6      | Reached skill level 5 in Fire Magic
  5339 | D:6      | Reached XP level 8. HP: 55/62 MP: 4/11
  5832 | D:7      | Found a shadowy altar of Dithmenos.
  6259 | D:4      | Bought a dazzling war axe for 221 gold pieces
  6259 | D:4      | Identified the +4 war axe of Acaonumm {elec, rF++} (You
                  | bought it in a shop on level 4 of the Dungeon)
  6329 | D:5      | Reached skill level 1 in Axes
  6360 | D:5      | Found a white marble altar of Elyvilon.
  6377 | D:5      | Reached XP level 9. HP: 57/68 MP: 12/12
  6382 | D:5      | Found a staircase to the Ecumenical Temple.
  6400 | Temple   | Entered the Ecumenical Temple
  6473 | Temple   | Became a worshipper of Cheibriados the Contemplative
  6528 | D:5      | Found Vukoupho's General Store.
  6533 | D:5      | Bought a scroll of teleportation for 45 gold pieces
  6631 | D:4      | Found a white marble altar of Elyvilon.
  7737 | D:7      | Noticed Harold
  8083 | D:8      | Reached * piety under Cheibriados
  8099 | D:8      | Noticed a death yak
  8306 | D:8      | Found a staircase to the Lair.
  8309 | D:8      | Noticed a death yak
  8321 | D:8      | Noticed a death yak
  8328 | D:8      | Killed a death yak
  8338 | D:8      | Slain by a death yak

Vault maps used:
D:1:      tarquinn_simple_flora_water_c, st_stairs_8
D:2:      kennysheep_the_goblin_king, minmay_pentomino_w2
D:3:      uniq_grinder
D:4:      lemuel_upstairs_altar, serial_shops, nicolae_shop_overgrown_old_shop,
          first_ration
D:5:      nicolae_overflow_hidden_temple, temple_green, serial_shops,
          kennysheep_little_box, uniq_blork_the_orc, uniq_ijyb
D:7:      basic_altar, uniq_crazy_yiuf_cottage, uniq_harold
D:8:      dpeg_lair_monsters
Temple:   roderic_octagonal_lattice_temple

Skill      XL: |  1  2  3  4  5  6  7  8  9 |
---------------+----------------------------+-----
Conjurations   | 2 3 4 5 7 8 |  8.4
Stealth        | 4 6 |  6.0
Shields        | 1 2 |  2.4
Fire Magic     | 4 5 7 8 |  8.4
Axes           | 1 4 |  4.1
Dodging        | |  1.5
Spellcasting   | |  2.0

Action                   |  1- 3 |  4- 6 |  7- 9 || total
-------------------------+-------+-------+-------++-------
Melee: Short sword       |    70 |   184 |   165 ||   419
       War axe           |       |       |   104 ||   104
Throw: Stone             |       |     1 |       ||     1
 Cast: Flame Tongue      |    24 |    35 |    25 ||    84
       Sticky Flame      |       |     2 |    22 ||    24
       Conjure Flame     |       |       |     5 ||     5
 Abil: Spit Poison       |    14 |     6 |     8 ||    28
  Use: Scroll            |     3 |     8 |     8 ||    19
       Potion            |       |     1 |     6 ||     7
 Stab: Sleeping          |     4 |    13 |    10 ||    27
       Distracted        |       |     1 |     1 ||     2
       Invisible         |       |       |     1 ||     1
  Eat: Chunk             |     2 |     5 |    14 ||    21
       Ration            |       |     1 |     2 ||     3
Armor: Robe              |    30 |    70 |    94 ||   194
       Skin              |       |       |    44 ||    44
Dodge: Dodged            |    50 |   104 |   160 ||   314
Block: Buckler           |       |    39 |    74 ||   113

Table legend:
 A = Non-vault XP
 B = Vault XP
 C = Vault XP percentage of total XP
 D = Non-vault monster count
 E = Vault monster count
 F = Vault count percentage of total count
                 A         B        C        D         E       F
            +---------+---------+-------+---------+---------+-------
      Total |    2874 |    1202 |  29.5 |     150 |      18 |  10.7
            +---------+---------+-------+---------+---------+-------
        D:1 |      42 |       4 |   8.7 |      21 |       1 |   4.5
        D:2 |     102 |      19 |  15.7 |      30 |       9 |  23.1
        D:3 |      20 |       0 |   0.0 |       9 |       0 |   0.0
        D:4 |     426 |       0 |   0.0 |      26 |       0 |   0.0
        D:5 |     440 |     127 |  22.4 |      21 |       2 |   8.7
        D:6 |     995 |       0 |   0.0 |      19 |       0 |   0.0
        D:7 |     722 |       0 |   0.0 |      22 |       0 |   0.0
        D:8 |     127 |    1052 |  89.2 |       2 |       6 |  75.0
            +---------+---------+-------+---------+---------+-------
